 Dungeon Crawl Stone Soup version 0.31-a0-876-gfe8ebadbca (webtiles) character file.

Game seed: 4048288993525058837

701 Rakso2454 the Covered (level 7, -4/93 HPs)
             Began as an Armataur Berserker on Oct 13, 2023.
             Was a Priest of Trog.
             Slain by a bullfrog (6 damage)
             ... on level 6 of the Dungeon on Oct 26, 2023.
             The game lasted 00:08:58 (3943 turns).

Rakso2454 the Covered (Armataur Berserker)          Turns: 3943, Time: 00:08:58

Health: -4/93      AC:  8    Str: 24    XL:     7   Next: 38%
Magic:  7/7        EV:  7    Int:  7    God:    Trog [***...]
Gold:   230        SH:  0    Dex: 10    Spells: 6/6 levels left

rFire   . . .        b - +0 great sword
rCold   . . .        (shield currently unavailable)
rNeg    + . .        k - +0 chain mail
rPois   .            (no helmet)
rElec   .            (no cloak)
rCorr   +            (no gloves)
SInv    .            (no barding)
Will    .....        d - amulet of faith Stlth
                     i - ring of resist corrosion
HPRegen 0.35/turn    l - ring of positive energy
MPRegen 0.10/turn

%: roll, faith
@: berserking, very quick
A: large, rugged brown scales 3, deformed body, armoured tail, roll, long
tongue, awkward tongue
a: Renounce Religion, Berserk, Trog's Hand


You were on level 6 of the Dungeon.
You worshipped Trog.
Trog was most pleased with you.
You visited 1 branch of the dungeon, and saw 5 of its levels.

You collected 230 gold pieces.

Inventory:

Hand Weapons
 b - a +0 great sword (weapon)
Missiles
 e - 2 javelins (quivered)
 g - 9 poisoned darts
 h - 4 boomerangs
Armour
 k - a +0 chain mail (worn)
Jewellery
 d - an amulet of faith (around neck)
 i - a ring of resist corrosion (left hand)
 l - a ring of positive energy (right hand)
Scrolls
 c - 2 scrolls of revelation
 j - a scroll of poison
 p - a scroll of teleportation {unknown}
Potions
 a - a potion of mutation {unknown}
 f - a potion of attraction
 m - a potion of heal wounds {unknown}
 n - a potion of invisibility {unknown}
 o - a potion of lignification {unknown}


   Skills:
 + Level 3.8 Fighting
 + Level 3.7 Long Blades
 + Level 4.2 Axes
 + Level 5.2 Armour
 + Level 2.0 Dodging
 + Level 0.6 Stealth


You had 6 spell levels left.
You didn't know any spells.
Your spell library was empty.

Dungeon Overview and Level Annotations

Branches:
Dungeon (4/15)
 Temple: D:4-7

Altars:

Shops:
D:3 (


Innate Abilities, Weirdness & Mutations

You are completely covered in rugged brown scales. (AC +3, +7% HP)
Armour fits poorly on your strangely shaped body.
You have a long armoured tail.
You roll when moving toward enemies. (Rampage)
Your long tongue fully drains potion bottles. (2x potion effects)
Your tongue gives you trouble enunciating. (1.5x scroll delay)


Message History

Your tail-slap misses the howler monkey.
The howler monkey is lightly wounded.
The ufetubus closely misses you. The ufetubus hits you.
* * * LOW HITPOINT WARNING * * *
The bullfrog barely misses you.
The howler monkey hits you but does no damage.
The shadow imp hits you.
* * * LOW HITPOINT WARNING * * *
You slash the howler monkey!
The howler monkey is severely wounded.
The ufetubus hits you but does no damage.
The ufetubus barely misses you. The bullfrog hits you!
* * * LOW HITPOINT WARNING * * *
The howler monkey closely misses you. The ufetubus closely misses you. x2
The shadow imp hits you but does no damage.
You closely miss the bullfrog. The bullfrog barely misses you.
The howler monkey hits you.
* * * LOW HITPOINT WARNING * * *
The ufetubus hits you.
* * * LOW HITPOINT WARNING * * *
The ufetubus barely misses you. The bullfrog hits you.
* * * LOW HITPOINT WARNING * * *
The ufetubus attacks as it pursues you! The ufetubus hits you.
* * * LOW HITPOINT WARNING * * *
The ufetubus hits you.
* * * LOW HITPOINT WARNING * * *
The howler monkey hoots and howls with incredible vigour!
The bullfrog attacks as it pursues you! The bullfrog closely misses you.
You hear a shout! x3
You slash the bullfrog!
Your tail-slap misses the bullfrog.
The bullfrog is heavily wounded.
The bullfrog hits you but does no damage.
The ufetubus hits you but does no damage.
The ufetubus hits you.
* * * LOW HITPOINT WARNING * * *
The shadow imp hits you but does no damage.
You closely miss the bullfrog.
The bullfrog is heavily wounded.
The bullfrog hits you.
You die...

......#........#
.......###.###..#
.................#
.........##.####.#####
.........#..####.....#
.........#.........#.#
.........##.#####.##.#
.......h....# #.##.#
.......5@...### #....#
.......F5.......######
......Wh###..##.#
......... ....>.
.........######.
.........# #
#.#.####.# # #. .# #
.#


You could see a phantom, a bullfrog, a howler monkey, a hound, a shadow imp and
an ufetubus.

Vanquished Creatures
  Grinder (D:4)
  An ice beast (D:3)
  A howler monkey (D:4)
  A quasit (D:4)
  An orc priest (D:3)
  Terence (D:3)
  An iguana (D:3)
  Natasha (thrice) (D:3)
  4 adders
  7 shadow imps (D:4)
  4 white imps (D:4)
  3 ufetubi (D:4)
  A dart slug (D:1)
  4 orcs (D:3)
  2 endoplasms
  6 giant cockroaches
  5 goblins
  4 hobgoblins
  2 jackals (D:3)
  2 quokkas (D:3)
  5 ball pythons
  6 bats
  3 frilled lizards
  4 kobolds
  10 rats
82 creatures vanquished.

Notes
Turn   | Place    | Note
-------+----------+-------------------------------------------
     0 | D:1      | Rakso2454 the Armataur Berserker began the quest for the
                  | Orb.
     0 | D:1      | Reached XP level 1. HP: 19/19 MP: 1/1
   163 | D:1      | Reached XP level 2. HP: 26/26 MP: 2/2
   722 | D:2      | Reached ** piety under Trog
   855 | D:2      | Reached XP level 3. HP: 29/33 MP: 3/3
   953 | D:2      | Reached skill level 3 in Armour
  1287 | D:3      | Noticed Natasha
  1293 | D:3      | Killed Natasha
  1294 | D:3      | Reached XP level 4. HP: 40/40 MP: 4/4
  1374 | D:3      | Noticed an ice beast
  1383 | D:3      | Killed an ice beast
  1384 | D:3      | Reached XP level 5. HP: 48/48 MP: 5/5
  1657 | D:3      | Noticed Terence
  1664 | D:3      | Killed Terence
  1665 | D:3      | Reached skill level 4 in Armour
  1939 | D:3      | Noticed Natasha
  1946 | D:3      | Killed Natasha
  2254 | D:3      | Reached XP level 6. HP: 54/54 MP: 6/6
  2408 | D:3      | Noticed Natasha
  2412 | D:3      | Killed Natasha
  2413 | D:3      | Reached skill level 1 in Long Blades
  2484 | D:3      | Found Axokk's Weapon Boutique.
  2501 | D:3      | Reached *** piety under Trog
  2871 | D:3      | Found a faded altar of an unknown god.
  3086 | D:4      | Noticed Grinder
  3100 | D:4      | Paralysed by Grinder for 2 turns
  3104 | D:4      | Killed Grinder
  3105 | D:4      | Reached XP level 7. HP: 62/62 MP: 7/7
  3169 | D:4      | Reached skill level 5 in Armour
  3871 | D:4      | You fall into a shaft and drop 2 floors!
  3941 | D:6      | HP: 3/93 [ufetubus (3)]
  3943 | D:6      | Slain by a bullfrog

Illustrated notes

Levels and vault maps discovered:
D:1:      wander_arrival_fairy_ring, layout_loops_ring, minivault_24
D:2:      layout_rooms
D:3:      layout_loops_ring, serial_shops, shop,
          shapermc_ecumenical_altar_hornbeckon, uniq_natasha, uniq_terence
D:4:      layout_basic, serial_demonic, serial_demonic_e, serial_demonic_d,
          serial_demonic_a, serial_demonic_c, serial_demonic_b,
          serial_demonic_c, serial_demonic_d, kennysheep_cross_bottleneck,
          roderic_lattice_a, uniq_crazy_yiuf_cottage, uniq_grinder,
          uniq_eustachio
D:6:      layout_basic, mainiacjoe_overflow_catwalk_spiral,
          minmay_temple_entry_stoned_glass, uniq_duvessa

Skill      XL: |  1  2  3  4  5  6  7 |
---------------+----------------------+-----
Fighting       | 3 |  3.8
Axes           | 3 4 |  4.2
Armour         | 3 4 5 |  5.2
Dodging        | 2 |  2.0
Long Blades    | 2 3 |  3.7
Stealth        | |  0.6

Action                     |  1- 3 |  4- 6 |  7- 9 || total
---------------------------+-------+-------+-------++-------
  Melee: Hand axe          |    94 |    14 |       ||   108
         Tailslap          |    12 |    13 |     5 ||    30
         Punch             |     2 |       |       ||     2
         Great sword       |       |    91 |    68 ||   159
 Invoke: Berserk           |     1 |     4 |     3 ||     8
    Use: Scroll            |     6 |     3 |       ||     9
 Armour: Animal skin       |    31 |       |       ||    31
         Chain mail        |    50 |   102 |   166 ||   318
  Dodge: Dodged            |    38 |    42 |    74 ||   154

Table legend: (Time is in decaauts)
 A = Elapsed time spent in this place.
 B = Non-inter-level travel time spent in this place.
 C = Inter-level travel time spent in this place.
 D = Time resting spent in this place.
 E = Time spent auto-exploring this place.
 F = Levels seen in this place.
 G = Mean time per level.
                   A        B        C        D        E       F      G
               +--------+--------+--------+--------+--------+-----+--------+
         Total |   4091 |   3697 |    394 |   1374 |   1669 |   5 |  818.2 |
       Dungeon |   4091 |   3697 |    394 |   1374 |   1669 |   5 |  818.2 |
               +--------+--------+--------+--------+--------+-----+--------+

Top non-repeatable levels by time:
     D:3: 1691 daAuts
     D:4: 1021 daAuts
     D:1: 696 daAuts
     D:2: 606 daAuts
     D:6: 75 daAuts
